 Dungeon Crawl Stone Soup version 0.30-a0-883-g5ad918d77d (webtiles) character file.

Game seed: 10535929670712450604

125937 cheesebisquit the Executioner (level 16, -4/223 HPs)
             Began as a Hill Orc Monk on Mar 15, 2023.
             Was a High Priest of Beogh.
             Slain by a naga mage
             ... wielding a +2 halberd of venom
              (6 damage)
             ... on level 4 of the Snake Pit on Mar 16, 2023.
             The game lasted 02:56:09 (40589 turns).

cheesebisquit the Executioner (Hill Orc Monk)      Turns: 40589, Time: 02:56:10

Health: -4/223     AC: 35    Str: 34    XL:     16   Next: 97%
Magic:  27/27      EV:  9    Int:  6    God:    Beogh [*****.]
Gold:   414        SH: 18    Dex: 13    Spells: 15/15 levels left

rFire   + + .      SeeInvis .    a - +5 broad axe (vamp)
rCold   + . .      Faith    .    F - +0 tower shield "Vucudemi" {Drain rElec rF- Str+6}
rNeg    . . .      Spirit   .    I - +2 plate armour {rPois}
rPois   +          Reflect  +    A - +1 helmet of Waalu {rElec rPois rF++ Int-4}
rElec   +          Rampage  ∞    q - +2 cloak {rPois}
rCorr   +          NoTele   +    L - +1 pair of gloves
Will    +....                    f - +3 pair of seven-league boots {Rampage+∞} Stlth
                                 W - amulet of reflection
HPRegen 0.57/turn                k - +4 ring of protection
MPRegen 0.20/turn                m - +6 ring of strength

@: mighty, berserking (expiring), lethally poisoned (-4 -> -12), resistant,
weakened, untranslocatable, studying Ice Magic, very quick
A: walk on water, subdued magic 1
a: Renounce Religion, Smiting, Recall Orcish Followers, Give Item to Named
Follower


You were on level 4 of the Snake Pit.
You worshipped Beogh.
Beogh was extremely pleased with you.
You visited 5 branches of the dungeon, and saw 27 of its levels.
You also visited: Ossuary, Gauntlet and Ice Cave.

You collected 2711 gold pieces.
You spent 2297 gold pieces at shops.

Inventory:

Hand Weapons
 a - a +5 vampiric broad axe (weapon)
 b - a +2 broad axe of flaming
 T - a +1 antimagic shortbow
 X - a +1 executioner's axe of flaming
 Z - a +2 bardiche of protection
Missiles
 c - 14 poisoned darts
 D - 3 silver javelins
 Q - 5 curare-tipped darts
 V - 12 javelins (quivered)
Armour
 f - the +3 pair of seven-league boots (worn) {Rampage+∞}
   (You found it on level 15 of the Dungeon)

   Rampage+∞: When moving toward enemies, its wearer moves as far as possible.
 q - a +2 cloak of poison resistance (worn)
 A - the +1 helmet of Waalu (worn) {rElec rPois rF++ Int-4}
   (You acquired it on level 11 of the Dungeon)

   Int:       It affects your intelligence (-4).
   rF:        It greatly protects you from fire.
   rElec:     It insulates you from electricity.
   rPois:     It protects you from poison.
 F - the +0 tower shield "Vucudemi" (worn) {Drain rElec rF- Str+6}
   (You took it off Louise on level 4 of the Snake Pit)

   Str:       It affects your strength (+6).
   rF:        It makes you vulnerable to fire.
   rElec:     It insulates you from electricity.
   Drain:     It drains your maximum health when unequipped.
 G - a +0 tower shield of reflection
 I - a +2 plate armour of poison resistance (worn)
 L - a +1 pair of gloves (worn)
Jewellery
 k - a +4 ring of protection (left hand)
 m - a +6 ring of strength (right hand)
 H - a ring of protection from cold
 W - an amulet of reflection (around neck)
Wands
 e - a wand of digging (10)
 o - a wand of flame (27)
 u - a wand of mindburst (18)
 w - a wand of polymorph (14)
 E - a wand of acid (12)
 K - a wand of roots (19)
 P - a wand of paralysis (11)
Scrolls
 h - a scroll of silence
 j - 4 scrolls of fog
 n - 5 scrolls of immolation
 r - a scroll of torment
 s - 7 scrolls of amnesia
 t - 2 scrolls of summoning
 v - 5 scrolls of poison
 y - 3 scrolls of magic mapping
 B - 10 scrolls of teleportation
 C - 3 scrolls of vulnerability
 J - 2 scrolls of blinking
 M - 8 scrolls of fear
Potions
 d - 9 potions of flight
 g - 7 potions of mutation
 i - 10 potions of attraction
 l - 2 potions of invisibility
 p - 12 potions of curing
 z - 2 potions of cancellation
 N - 2 potions of heal wounds
 O - a potion of ambrosia
 R - a potion of resistance
 U - 6 potions of lignification


   Skills:
 + Level 15.0 Fighting
 * Level 22.0 Axes
 + Level 13.4 Armour
 + Level 10.7 Dodging
 - Level 1.5 Stealth
 + Level 4.7 Shields
 + Level 15.0 Invocations
 - Level 5.0 Evocations


You had 15 spell levels left.
You didn't know any spells.
Your spell library contained the following spells:

 Spells                   Type           Power      Damage    Failure   Level
 Apportation              Tloc           0%         N/A       100%        1
 Kiss of Death            Conj/Necr      0%         2d5       100%        1
 Magic Dart               Conj           0%         1d3       100%        1
 Sandblast                Erth           0%         2d4       100%        1
 Sting                    Tmut/Pois      0%         1d3       100%        1
 Summon Small Mammal      Summ           0%         N/A       100%        1
 Blink                    Tloc           0%         N/A       100%        2
 Cigotuvi's Dreadful Rot  Necr/Pois/Air  0%         N/A       100%        2
 Lesser Beckoning         Tloc           0%         N/A       100%        2
 Momentum Strike          Conj/Tloc      0%         3d8       100%        2
 Passwall                 Tmut/Erth      0%         N/A       100%        2
 Poisonous Vapours        Pois/Air       0%         N/A       100%        2
 Searing Ray              Conj           0%         2d4       100%        2
 Call Canine Familiar     Summ           0%         N/A       100%        3
 Confusing Touch          Hex            0%         N/A       100%        3
 Gell's Gravitas          Tloc           0%         N/A       100%        3
 Hailstorm                Conj/Ice       0%         3d3       100%        3
 Mephitic Cloud           Conj/Pois/Air  0%         N/A       100%        3
 Stone Arrow              Conj/Erth      0%         3d7       100%        3
 Summon Guardian Golem    Hex/Summ       0%         N/A       100%        3
 Teleport Other           Tloc           0%         N/A       100%        3
 Dispel Undead            Necr           0%         3d6       100%        4
 Fulminant Prism          Conj/Hex       0%         3d5       100%        4
 Ice Form                 Ice/Tmut       0%         N/A       100%        4
 Olgreb's Toxic Radiance  Pois           0%         N/A       100%        4
 Passage of Golubria      Tloc           0%         N/A       100%        4
 Alistair's Intoxication  Tmut/Pois      0%         N/A       100%        5
 Silence                  Hex/Air        0%         N/A       100%        5
 Dispersal                Tloc           0%         N/A       100%        6
 Simulacrum               Ice/Necr       0%         N/A       100%        6
 Borgnjor's Revivificati  Necr           0%         N/A       100%        8
 Lehudib's Crystal Spear  Conj/Erth      0%         10d2      100%        8
 Necromutation            Tmut/Necr      0%         N/A       100%        8
 Death's Door             Necr           0%         N/A       100%        9


Dungeon Overview and Level Annotations

Branches:
Dungeon (15/15)            Temple (1/1) D:4            Lair (5/5) D:8
 Shoals (0/4) Lair:3        Snake (4/4) Lair:2        Slime (0/5) Lair:5
    Orc (2/2) D:10            Elf (0/3) Orc:2        Vaults (0/5) D:14
 Depths (0/4) D:15        Ossuary (visited)           IceCv (visited)
Gauntlet (visited)

Altars:
Ashenzari
Cheibriados
Dithmenos
Elyvilon
Fedhas
Gozag
Hepliaklqana
Kikubaaqudgha
Makhleb
Nemelex Xobeh
Okawaru
Qazlal
Ru
Sif Muna
Trog
Uskayaw
Vehumet
Wu Jian
Xom
Yredelemnul
Zin
The Shining One
Beogh
Jiyva

Shops:
D:5 !   D:7 =   D:13 =   Orc:1 !   Orc:2 ?*!*[   Snake:1 ([(   Snake:2 [
Snake:4 ([=

Portals:
Abyss: Lair:4
Trove: D:12 (give +3 gold dragon scales)


Innate Abilities, Weirdness & Mutations

You can walk on water.
Your spells are a little easier to cast, but a little less powerful.


Message History

* * * LOW HITPOINT WARNING * * *
Wulfoc looks as sick as possible! x2
The nagaraja hits you from afar with a +0 halberd!
* * * LOW HITPOINT WARNING * * *
The salamander mystic casts a spell at the salamander tyrant.
The salamander tyrant seems to speed up.
Wulfoc blocks the naga warrior's attack. x2
Boghold hits the naga warrior with a +3 halberd!!
The salamander mystic hits you but does no damage.
A naga comes into view. It is wielding a +0 long sword.
A naga warrior comes into view. It is wielding a +0 short sword.
A nagaraja comes into view. It is wielding a +0 spear.
The naga warrior roars a battlecry!
The nagas go into a battle-frenzy!
Wulfoc unwields a +0 arbalest.
Wulfoc wields a +0 demon trident of freezing.
It glows with a cold blue light!
Wulfoc hits the naga warrior with a +0 demon trident of freezing!!
Wulfoc freezes the naga warrior.
The naga warrior dies!
Beogh accepts your kill.
Okay, then.
You hit the salamander tyrant.
You feel better.
The salamander tyrant is almost dead.
You slash the naga ritualist!
You feel better.
You hit the salamander mystic but do no damage. x2
You slash the naga sharpshooter!
You feel sick.
Wulfoc no longer looks unusually strong.
The naga sharpshooter mumbles some strange words.
The naga sharpshooter magically shoots a bolt.
You reflect the bolt off an invisible shield around you!
The salamander tyrant hits you.
* * * LOW HITPOINT WARNING * * *
You are engulfed in flames!
You resist.
* * * LOW HITPOINT WARNING * * *
The nagaraja hits you but does no damage.
Wulfoc roars a battlecry!
Wulfoc goes into a battle-frenzy!
The naga mage hits you from afar with a +2 halberd of venom.
You die... #.. ..#............ #.. ..... ......... #.. ............... #.. . ........#.N.. #.. ......#NN..N..N #..
N...#NNNNNNN.# #.. #N..NNNNN.#

#.. ##..)NN@o)### #..
##.....N)oo..## #..
#.............# #..
#....#.....#^.# #..
#.............# #..
#.............# #..
#.............# #..
###########...##...############..
#...........).......o.o..........


You could see 2 nagarajas, 4 naga warriors, 3 naga sharpshooters, a salamander
tyrant (fast, strong), 4 salamander mystics, a salamander (strong), 3 naga
ritualists, 2 naga magi, 2 nagas, the friendly Boghold the orc warlord (strong,
extremely poisoned), the friendly Wulfoc the orc warlord (strong, extremely
poisoned) and the friendly Wulfoc the orc knight (strong, extremely poisoned).

Vanquished Creatures
  Nikola (Snake:4)
  A sphinx (D:13)
  Gastronok (D:8)
  Frances (Snake:2)
  A frost giant (IceCv)
  The ghost of jr88keys the Severer, a journeyman MiFi of Gozag (Lair:4)
  Snorg (D:13)
  The ghost of a11behringer the Basher, a journeyman DrBe of Trog (D:10)
  A yaktaur captain (D:13)
  A salamander tyrant (Snake:3)
  A rakshasa (Lair:4)
  A catoblepas (Lair:1)
  Erica (D:8)
  A centaur warrior (D:9)
  A death knight (D:13)
  An anaconda (Snake:1)
  2 boulder beetles
  15 death yaks
  A tengu warrior (D:13)
  5 naga warriors
  5 naga sharpshooters
  A sun demon (Lair:4)
  4 shock serpents
  A skeletal warrior (D:15)
  2 phantasmal warriors (D:15)
  An orange crystal statue (D:11)
  A swamp dragon (shapeshifter) (D:10)
  An orc knight (Orc:2)
  A wizard (D:13)
  Pikel (D:7)
  A deep elf pyromancer (D:13)
  3 mana vipers
  An ugly thing (D:13)
  5 cyclopes
  4 salamanders
  2 manticores
  3 guardian serpents
  9 naga magi
  14 black mambas
  An ice statue (IceCv)
  An elephant (Lair:5)
  9 cane toads
  2 unseen horrors (D:13)
  7 rime drakes
  3 kobold demonologists
  An efreet (D:13)
  A komodo dragon (Lair:5)
  A tengu conjurer (D:13)
  2 trolls
  A hornet (Lair:4)
  7 polar bears
  Grinder (D:6)
  A meliai zombie (D:10)
  3 slime creatures (D:13)
  A ynoxinul (Lair:4)
  A spriggan (Lair:4)
  2 wyverns
  6 wraiths
  2 basilisks
  50 yaks
  4 hogs (Snake:4)
  Eustachio (D:6)
  5 vampire mosquitoes
  3 steam dragons
  4 wargs (Orc:2)
  24 nagas
  2 acid dragons (D:12)
  10 water moccasins
  Duvessa (D:4)
  6 orc warriors (Orc:2)
  3 black bears
  3 ice beasts (D:8)
  An ogre (D:4)
  15 wolves
  5 boggarts (D:15)
  3 phantoms
  3 centaurs
  4 bullfrogs
  A scorpion (D:5)
  5 wights
  Dowan (D:4)
  6 killer bees (D:9)
  An electric eel (D:10)
  5 howler monkeys
  2 centaur zombies (Ossuary)
  A hound (D:5)
  A jelly (D:6)
  5 orc priests (D:5)
  A spectral boggart (D:10)
  Terence (D:2)
  A sleepcap (D:8)
  2 iguanas (D:5)
  14 orc wizards
  7 hell rats
  3 ogre zombies (Ossuary)
  7 mummies (Ossuary)
  A gnoll (D:8)
  3 adders
  7 white imps
  An ufetubus (D:5)
  3 adder zombies (Ossuary)
  3 dart slugs
  23 orcs
  10 endoplasms
  A giant cockroach (D:1)
  4 goblins
  8 hobgoblins
  6 jackals (D:3)
  2 quokkas
  7 ball pythons
  6 bats
  A frilled lizard (D:1)
  3 goblin zombies (Ossuary)
  4 hobgoblin zombies (Ossuary)
  10 kobolds
  3 kobold zombies (Ossuary)
  An orc zombie (Ossuary)
  6 quokka zombies
  6 rats
  7 rat zombies
  A spectral orc (D:3)
  A plant (Lair:5)
491 creatures vanquished.

Vanquished Creatures (collateral kills)
  Vashnia (Snake:4)
  Kirke (Snake:4)
  4 nagarajas
  Louise (Snake:4)
  Aizul (Snake:4)
  Nessos (D:13)
  Josephine (D:13)
  Fannar (Lair:2)
  2 salamander tyrants (Snake:4)
  5 hydras
  2 centaur warriors
  4 anacondas
  2 two-headed ogres
  4 catoblepae
  A boulder beetle (D:14)
  2 death knights
  3 tengu warriors
  Urug (Lair:2)
  5 naga sharpshooters
  9 death yaks
  11 naga warriors
  A shock serpent (Snake:4)
  Sonja (Lair:2)
  2 skeletal warriors
  A salamander mystic (Snake:4)
  A naga ritualist (Snake:4)
  A lindwurm (Lair:5)
  A shadow dragon zombie (D:15)
  3 orc knights (Orc:2)
  A necromancer (D:15)
  3 mana vipers
  A frost giant zombie (D:15)
  A deep elf pyromancer (D:15)
  2 ugly things
  An oklob plant (Lair:5)
  3 salamanders
  2 manticores
  A cyclops (D:13)
  A water nymph (Lair:3)
  5 elephants (Lair:5)
  6 naga magi
  12 black mambas
  A gargoyle (D:14)
  Maggie (D:7)
  A guardian serpent (Snake:4)
  7 cane toads
  2 rime drakes
  5 komodo dragons
  A freezing wraith (D:15)
  A tengu conjurer (D:14)
  5 polar bears
  3 trolls
  3 hornets
  4 dream sheep (Lair:5)
  A slime creature (D:14)
  2 spriggan skeletons (D:15)
  24 yaks
  5 wraiths
  2 steam dragons
  A hog (Snake:4)
  2 basilisks
  3 vampire mosquitoes (D:13)
  A basilisk (shapeshifter) (D:14)
  20 nagas
  2 wargs (Orc:2)
  An acid dragon (D:12)
  5 water moccasins
  3 ice beasts (D:8)
  A sky beast (D:8)
  10 orc warriors
  5 black bears
  8 wolves
  3 boggarts (D:15)
  A centaur (D:10)
  A lemure (D:7)
  An ogre (Orc:2)
  A phantom (D:7)
  3 kobold brigands
  A gnoll sergeant (D:8)
  3 bullfrogs
  A wight (D:9)
  5 killer bees (D:9)
  6 howler monkeys
  2 electric eels (Lair:5)
  4 orc priests
  A spectral boggart (D:10)
  A sleepcap (D:7)
  5 orc wizards
  5 hell rats
  3 gnolls (D:8)
  8 white imps (Lair:3)
  10 orcs
  A kobold (D:9)
  A bush (Lair:4)
309 creatures vanquished.

Vanquished Creatures (others)
  6 orc knights
  An ugly thing (Lair:4)
  A salamander (Snake:4)
  19 orc warriors
  7 orc priests
  8 orc wizards
  A hell rat (Lair:5)
  42 orcs
  38 fungi
  92 plants
  5 toadstools (D:8)
  2 withered plants (D:15)
222 creatures vanquished.

Grand Total: 1022 creatures vanquished

Notes
Turn   | Place    | Note
-------+----------+-------------------------------------------
     0 | D:1      | cheesebisquit the Hill Orc Monk began the quest for the
                  | Orb.
     0 | D:1      | Reached XP level 1. HP: 19/19 MP: 1/1
   112 | D:1      | Reached XP level 2. HP: 24/27 MP: 2/2
   485 | D:1      | Reached skill level 1 in Armour
   490 | D:1      | Reached XP level 3. HP: 33/33 MP: 3/3
  1249 | D:2      | Reached skill level 5 in Axes
  1249 | D:2      | Reached XP level 4. HP: 38/40 MP: 4/4
  1266 | D:2      | Noticed Terence
  1298 | D:2      | Killed Terence
  1779 | D:3      | Found a basalt altar of Yredelemnul.
  1987 | D:3      | Reached XP level 5. HP: 35/47 MP: 5/5
  2660 | D:4      | Noticed Duvessa
  2661 | D:4      | Noticed Dowan
  2689 | D:4      | Killed Duvessa
  2690 | D:4      | Reached skill level 6 in Axes
  2690 | D:4      | Reached XP level 6. HP: 55/55 MP: 2/6
  2692 | D:4      | Killed Dowan
  2771 | D:4      | Reached skill level 5 in Fighting
  2976 | D:4      | Became a worshipper of Beogh the Brigand
  2976 | D:4      | Reached * piety under Beogh
  2976 | D:4      | Reached ** piety under Beogh
  2992 | D:4      | Found a staircase to the Ecumenical Temple.
  2999 | Temple   | Entered the Ecumenical Temple
  3157 | D:4      | Reached skill level 7 in Axes
  3157 | D:4      | Reached XP level 7. HP: 36/61 MP: 2/7
  3654 | D:5      | Entered Level 5 of the Dungeon
  4021 | D:5      | Found Apapleets's Distillery.
  4060 | D:5      | Reached skill level 8 in Axes
  4085 | D:5      | Bought a potion of curing for 42 gold pieces
  4085 | D:5      | Bought a potion of heal wounds for 70 gold pieces
  4085 | D:5      | Bought a potion of degeneration for 14 gold pieces
  4085 | D:5      | Bought a potion of heal wounds for 70 gold pieces
  4085 | D:5      | Bought a potion of heal wounds for 70 gold pieces
  4221 | D:5      | Found a shimmering blue altar of Sif Muna.
  4303 | D:5      | Reached XP level 8. HP: 52/70 MP: 2/8
  4445 | D:5      | Reached skill level 1 in Invocations
  4882 | D:6      | Noticed Grinder
  4897 | D:6      | Paralysed by Grinder for 2 turns
  4905 | D:6      | Killed Grinder
  5008 | D:6      | Found a sand-covered staircase.
  5017 | Ossuary  | Entered an ossuary
  5235 | Ossuary  | Reached *** piety under Beogh
  5236 | Ossuary  | Reached skill level 9 in Axes
  6151 | D:6      | Noticed Eustachio
  6175 | D:6      | Killed Eustachio
  6176 | D:6      | Reached skill level 5 in Armour
  6176 | D:6      | Reached XP level 9. HP: 61/78 MP: 3/11
  6450 | D:7      | Reached skill level 10 in Axes
  6641 | D:7      | Noticed Pikel
  6657 | D:7      | Killed Pikel
  6658 | D:7      | Reached skill level 5 in Dodging
  6893 | D:7      | Noticed Maggie
  6896 | D:7      | Found Adaydy's Jewellery Shoppe.
  6907 | D:7      | Killed Maggie
  6907 | D:7      | Reached **** piety under Beogh
  6908 | D:7      | Reached skill level 11 in Axes
  7814 | D:8      | Reached skill level 5 in Invocations
  7814 | D:8      | Noticed a rime drake
  7817 | D:8      | Killed a rime drake
  7823 | D:8      | Reached XP level 10. HP: 67/88 MP: 0/14
  7836 | D:8      | Found a staircase to the Lair.
  7995 | D:8      | Reached skill level 12 in Axes
  8016 | D:8      | Found an opulent altar of Gozag.
  8440 | D:8      | Noticed Erica
  8466 | D:8      | Noticed Gastronok
  8484 | D:8      | Killed Erica
  8494 | D:8      | Killed Gastronok
  9729 | D:9      | Reached skill level 13 in Axes
  9765 | D:9      | Gained Wulfoc as an ally
 10087 | D:9      | Found a broken altar of Ashenzari.
 10141 | D:9      | Your ally Wulfoc died
 10150 | D:9      | Noticed a cyclops
 10150 | D:9      | Noticed a centaur warrior
 10155 | D:9      | Killed a cyclops
 10156 | D:9      | Reached XP level 11. HP: 83/97 MP: 13/16
 10166 | D:9      | Killed a centaur warrior
 10345 | D:9      | Gained Marbaugh as an ally
 11385 | D:10     | Entered Level 10 of the Dungeon
 11394 | D:10     | Found a runed translucent gate.
 11394 | D:10     | Found a runed translucent gate.
 11394 | D:10     | Found a runed translucent gate.
 11398 | D:10     | a culicivora changed into a swamp dragon
 11398 | D:10     | Noticed a swamp dragon (shapeshifter)
 11407 | D:10     | Killed a swamp dragon
 11413 | D:10     | Noticed a centaur warrior
 11415 | D:10     | Your ally Marbaugh died
 11422 | D:10     | Gained Wulfoc as an ally
 11431 | D:10     | Killed a centaur warrior
 11432 | D:10     | Reached skill level 14 in Axes
 11899 | D:10     | Found a staircase to the Orcish Mines.
 12708 | D:10     | Noticed a11behringer's ghost (journeyman DrBe)
 13004 | D:11     | Noticed a cyclops
 13025 | D:11     | Killed a cyclops
 13026 | D:11     | Reached skill level 10 in Fighting
 13159 | D:11     | Identified a scroll of acquirement
 13160 | D:11     | Acquired the +1 helmet of Waalu {rElec rPois rF++ Int-4}
 13209 | D:11     | Found a runed translucent door.
 13222 | D:11     | Noticed a boulder beetle
 13228 | D:11     | Found a runed translucent door.
 13247 | D:11     | Killed a boulder beetle
 13247 | D:11     | Reached ***** piety under Beogh
 13592 | D:11     | Found a runed translucent door.
 13652 | D:11     | Reached XP level 12. HP: 106/106 MP: 18/18
 13728 | D:11     | Found a runed translucent door.
 14239 | D:12     | Found a portal to a secret trove of treasure.
 14283 | D:12     | Reached skill level 15 in Axes
 14285 | D:12     | Noticed a two-headed ogre
 14293 | D:12     | Killed a two-headed ogre
 14407 | D:12     | Found a gate leading to a gauntlet.
 14419 | Gauntlet | Entered a Gauntlet
 14419 | Gauntlet | Found a transporter.
 14508 | Gauntlet | Found a transporter.
 14508 | Gauntlet | Found a transporter.
 14509 | Gauntlet | Found a transporter.
 14520 | Gauntlet | Found a transporter.
 14521 | Gauntlet | Found a transporter.
 14522 | Gauntlet | Found a transporter.
 14530 | Gauntlet | Found a transporter.
 14533 | Gauntlet | Found a transporter.
 14534 | Gauntlet | Found a transporter.
 14538 | Gauntlet | Noticed a six-headed hydra
 14542 | Gauntlet | Found a transporter.
 14545 | Gauntlet | Found a transporter.
 14546 | Gauntlet | Found a transporter.
 14548 | Gauntlet | Noticed a death scarab
 14548 | Gauntlet | Noticed a death scarab
 14557 | Gauntlet | Found a transporter.
 15600 | Lair:1   | Entered Level 1 of the Lair of Beasts
 15893 | Lair:1   | Noticed a catoblepas
 15900 | Lair:1   | Killed a catoblepas
 16453 | Lair:1   | Reached skill level 16 in Axes
 16518 | Lair:1   | Reached skill level 10 in Invocations
 17318 | Lair:2   | Noticed Urug
 17326 | Lair:2   | Killed Urug
 17509 | Lair:2   | Noticed a death yak
 17509 | Lair:2   | Noticed a death yak
 17511 | Lair:2   | Noticed a death yak
 17513 | Lair:2   | Noticed a death yak
 17518 | Lair:2   | Killed a death yak
 17522 | Lair:2   | Killed a death yak
 17527 | Lair:2   | Killed a death yak
 17528 | Lair:2   | Reached XP level 13. HP: 64/116 MP: 10/20
 17690 | Lair:2   | Noticed Sonja
 17695 | Lair:2   | Killed Sonja
 17762 | Lair:2   | Noticed Fannar
 17778 | Lair:2   | Killed Fannar
 18024 | Lair:2   | Reached skill level 10 in Armour
 18027 | Lair:2   | Reached skill level 17 in Axes
 18538 | Lair:2   | Found a staircase to the Snake Pit.
 19040 | Lair:3   | Found a frozen archway.
 19066 | IceCv    | Entered an ice cave
 19399 | IceCv    | Gained Ugrim as an ally
 19593 | IceCv    | Your ally Ugrim died
 19653 | IceCv    | Noticed a frost giant
 19667 | IceCv    | Killed a frost giant
 20252 | IceCv    | Reached skill level 18 in Axes
 20990 | Lair:3   | Reached XP level 14. HP: 114/127 MP: 18/22
 21579 | Lair:4   | Gained Boghold as an ally
 21586 | Lair:4   | Reached skill level 1 in Evocations
 22247 | Snake:1  | Entered Level 1 of the Snake Pit
 22612 | Lair:4   | Noticed jr88keys's ghost (journeyman MiFi)
 22633 | Lair:4   | Found a transporter.
 22637 | Lair:4   | Found a one-way gate to the infinite horrors of the Abyss.
 22663 | Lair:4   | Found a transporter.
 23198 | Lair:5   | Entered Level 5 of the Lair of Beasts
 23426 | Lair:5   | Reached ****** piety under Beogh
 23884 | Lair:5   | Found a viscous altar of Jiyva.
 23884 | Lair:5   | Found a staircase to the Slime Pits.
 23911 | Lair:5   | Reached skill level 19 in Axes
 24063 | Lair:5   | Found a blossoming altar of Fedhas.
 24919 | D:10     | Killed a11behringer's ghost
 25586 | Lair:4   | Killed jr88keys's ghost
 26035 | Orc:1    | Entered Level 1 of the Orcish Mines
 26036 | Orc:1    | Found Ocel's Distillery.
 26172 | Orc:1    | Bought a potion of invisibility for 104 gold pieces
 26172 | Orc:1    | Bought a potion of heal wounds for 65 gold pieces
 26172 | Orc:1    | Bought a potion of might for 52 gold pieces
 26683 | Orc:1    | Found Ocel's Distillery.
 27177 | Orc:2    | Entered Level 2 of the Orcish Mines
 27785 | Orc:2    | Found a staircase to the Elven Halls.
 27976 | Orc:2    | Reached XP level 15. HP: 122/136 MP: 20/24
 28001 | Orc:2    | Found a roughly hewn altar of Beogh.
 28364 | Orc:2    | Found Fosasil's Magic Scroll Emporium.
 28385 | Orc:2    | Bought a scroll of enchant armour for 90 gold pieces
 28448 | Orc:2    | Found Zonikos's Assorted Antiques.
 28465 | Orc:2    | Gained Bogbrand as an ally
 28718 | Orc:2    | Found Umais's Distillery.
 28731 | Orc:2    | Bought a potion of curing for 33 gold pieces
 28731 | Orc:2    | Bought a potion of curing for 33 gold pieces
 28773 | Orc:2    | Found Kantoc's Assorted Antiques.
 28785 | Orc:2    | Found Bubik's Armour Shoppe.
 28817 | Orc:2    | Bought a +2 cloak of poison resistance for 277 gold pieces
 29334 | D:13     | Noticed Snorg
 29342 | D:13     | Killed Snorg
 29562 | D:13     | Noticed a sphinx
 29564 | D:13     | Paralysed by a sphinx for 2 turns
 29567 | D:13     | Killed a sphinx
 29575 | D:13     | Your ally Bogbrand died
 29873 | D:13     | Gained mutation: Your spells are a little easier to cast,
                  | but a little less powerful. [a neqoxec]
 30072 | D:13     | Reached skill level 20 in Axes
 30223 | D:13     | Noticed Josephine
 30230 | D:13     | Killed Josephine
 30744 | D:13     | Noticed Nessos
 30744 | D:13     | Killed Nessos
 30842 | D:13     | Found Nuugu's Jewellery Emporium.
 31456 | D:14     | Reached skill level 5 in Evocations
 31590 | D:14     | Found a gate to the Vaults.
 31836 | D:14     | Found a shadowy altar of Dithmenos.
 32318 | D:15     | Entered Level 15 of the Dungeon
 32459 | D:15     | Found a staircase to the Depths.
 32570 | D:15     | Acquired a +1 executioner's axe of flaming
 33048 | D:15     | Found a stormy altar of Qazlal.
 33338 | D:15     | Found the +3 pair of seven-league boots {Rampage+∞}
 33897 | Snake:1  | Reached skill level 10 in Dodging
 34458 | Snake:1  | Found Yclasm's Weapon Emporium.
 34458 | Snake:1  | Found Kolair's Antique Armour Shoppe.
 34462 | Snake:1  | Found Lemmetokh's Antique Weapon Emporium.
 34954 | Snake:2  | Reached skill level 1 in Shields
 35018 | Snake:2  | Reached XP level 16. HP: 146/146 MP: 26/26
 35304 | Snake:2  | Found Fosterr's Armour Shoppe.
 35507 | Snake:2  | Reached skill level 21 in Axes
 35576 | Snake:2  | Noticed Frances
 35584 | Snake:2  | Killed Frances
 37089 | Snake:3  | Noticed a nagaraja
 37095 | Snake:3  | Killed a nagaraja
 37158 | Snake:3  | Noticed a nagaraja
 37163 | Snake:3  | Killed a nagaraja
 38430 | Snake:4  | Entered Level 4 of the Snake Pit
 38434 | Snake:4  | Noticed a nagaraja
 38440 | Snake:4  | Identified the +0 tower shield "Vucudemi" {Drain rElec rF-
                  | Str+6}
 38440 | Snake:4  | Noticed Louise
 38440 | Snake:4  | Killed a nagaraja
 38448 | Snake:4  | Killed Louise
 38641 | Snake:4  | Noticed Kirke
 38653 | Snake:4  | Killed Kirke
 38810 | Snake:4  | Found Bautt's Antique Armour Emporium.
 38810 | Snake:4  | Found Ziapimycs's Weapon Shoppe.
 38824 | Snake:4  | Gained Koronagh as an ally
 39083 | Snake:1  | Bought a +0 demon trident of freezing for 493 gold pieces
 39385 | Snake:4  | Noticed Aizul
 39390 | Snake:4  | Killed Aizul
 39583 | Snake:4  | Bought a glowing plate armour for 884 gold pieces
 39810 | Snake:4  | Noticed Nikola
 39816 | Snake:4  | Your ally Koronagh died
 39818 | Snake:4  | Killed Nikola
 39828 | Snake:4  | Gained Wulfoc as an ally
 40023 | Snake:4  | Found Vikh's Jewellery Shoppe.
 40263 | Snake:4  | Noticed Vashnia
 40272 | Snake:4  | Killed Vashnia
 40278 | Snake:4  | Reached skill level 15 in Fighting
 40572 | Snake:4  | Noticed a nagaraja
 40572 | Snake:4  | Noticed a nagaraja
 40584 | Snake:4  | Reached skill level 22 in Axes
 40584 | Snake:4  | Killed a nagaraja
 40585 | Snake:4  | HP: 9/223 [naga sharpshooter/arrow (12)]
 40586 | Snake:4  | Reached skill level 15 in Invocations
 40588 | Snake:4  | Noticed a nagaraja
 40589 | Snake:4  | HP: 2/223 [salamander tyrant (7)]
 40589 | Snake:4  | Slain by a naga mage

Illustrated notes

Levels and vault maps discovered:
D:1:      roderic_dead_forest, layout_loops_ring
D:2:      layout_basic, uniq_terence
D:3:      layout_loops_corners, yredelemnul_forgotten_temple_becter,
          grunt_ministairs_6
D:4:      layout_basic, temple_statues, st_stairs_9, uniq_duvessa
D:5:      layout_rooms, general_overflow_altar, serial_shops,
          nicolae_shop_waterfront
D:6:      cheibrodos_quashed, layout_gridville, enter_ossuary_4, uniq_grinder,
          uniq_eustachio
D:7:      layout_layer_cave, serial_shops, nicolae_take_the_stairs, uniq_pikel,
          uniq_maggie
D:8:      layout_loops_ring, nicolae_gozag_cash_rules_everything_around_me,
          hellmonk_lair_entry_icy, minmay_statues_item,
          minmay_gold_behind_fungi, uniq_gastronok, uniq_erica
D:9:      layout_roguey, mainiacjoe_overflow_brackets, minivault_20,
          minmay_strange_pillars
D:10:     layout_basic, orc_0_dummy, gammafunk_ghost_necromancy,
          minmay_chambers_of_fives
D:11:     layout_loops_ring, minmay_statue_crystal_thing
D:12:     layout_loops_ring, enter_trove_1, gauntlet_entry_generic
D:13:     minmay_textured_paths, layout_loops_cross, serial_shops,
          nicolae_shop_competitors_out_of_business, uniq_josephine, uniq_nessos,
          uniq_snorg
D:14:     nicolae_cairo_tiling_very_big, layout_loops_ring,
          chequers_serial_rivers_large_a, st_stairs_11,
          nicolae_dithmenos_through_a_glass_darkly
D:15:     gammafunk_depths_entry_grave, layout_grid_maze,
          nicolae_qazlal_scattered_showers,
          hellmonk_guarded_unrand_seven_league_boots
Temple:   nicolae_temple_two_arcs
Lair:1:   layout_chaotic_city
Lair:2:   beast_lair_carwin_large_3, layout_cellular_growth,
          nicolae_snake_entry_squirm, uniq_fannar, uniq_urug, uniq_sonja
Lair:3:   layout_cave_pods, nicolae_shoals_entry_flooding,
          portal_ice_cave_entry_imps
Lair:4:   layout_concentric_octagons, gammafunk_ghost_abyssal_escape
Lair:5:   evilmike_catoblepas_cave, layout_cave_pods, slime_entry_1,
          serial_bayou, serial_bayou_ford_a, serial_bayou_lagoon_a,
          serial_bayou_pond_d, serial_bayou_pond_d, st_stairs_13, tgw_fedhas
Snake:1:  layout_misc_corridors, st_stairs_12, minmay_shop_star,
          grunt_megastairs_3
Snake:2:  layout_cave_pods, serial_shops, nicolae_lakefront_shop,
          grunt_megastairs_2, uniq_frances
Snake:3:  layout_cave_town
Snake:4:  snake_pit, layout_cave_town, serial_shops, shop_statue,
          serial_bayou_shore_b, grunt_megastairs_4, minmay_shoptagon,
          lemuel_fruit_tree, uniq_kirke, uniq_louise, uniq_vashnia, uniq_nikola,
          uniq_aizul
Orc:1:    layout_diamond_mine, serial_shops, nicolae_shop_advertising_works
          [nicolae_subvault_shop_adworks], minmay_orc_temple_c
Orc:2:    st_orc_town, layout_diamond_mine, serial_shops, nicolae_shop_stone,
          dreamdust_deal_with_the_devil, nicolae_orc_sculptors_studio

Skill      XL: |  1  2  3  4  5  6  7  8  9 10 11 12 13 14 15 16 |
---------------+-------------------------------------------------+-----
Armour         | 1 2 3 4 5 6 7 8 9 10 11 12 13 | 13.4
Fighting       | 4 5 6 7 9 10 11 12 13 14 15 | 15.0
Axes           | 5 6 7 8 9 11 13 14 16 18 19 20 22 | 22.0
Dodging        | 3 4 5 6 7 8 9 10 | 10.7
Invocations    | 3 5 7 8 10 11 12 14 15 | 15.0
Evocations     | 3 5 |  5.0
Shields        | 1 4 |  4.7
Stealth        | |  1.5

Action                     |  1- 3 |  4- 6 |  7- 9 | 10-12 | 13-15 | 16-18 || total
---------------------------+-------+-------+-------+-------+-------+-------++-------
  Melee: Hand axe          |   102 |   190 |   413 |       |       |       ||   705
         Punch             |       |       |    11 |     7 |     4 |       ||    22
         Broad axe         |       |       |     9 |   458 |   164 |   216 ||   847
         Battleaxe         |       |       |       |       |   519 |       ||   519
         Executioner's axe |       |       |       |       |    84 |       ||    84
  Throw: Dart              |       |    13 |    28 |    21 |     5 |       ||    67
         Boomerang         |       |     2 |       |       |       |       ||     2
         Throwing net      |       |       |       |     2 |       |       ||     2
         Javelin           |       |       |       |     1 |     6 |       ||     7
 Invoke: Convert to Beogh  |       |     1 |       |       |       |       ||     1
         Smiting           |       |       |     4 |       |    39 |     4 ||    47
         Recall Orcish Fol |       |       |       |     7 |    12 |     3 ||    22
         Give Item to Name |       |       |       |       |     2 |     2 ||     4
  Evoke: Wand              |       |       |     7 |     2 |       |       ||     9
    Use: Potion            |       |     6 |     1 |    14 |    14 |     3 ||    38
         Scroll            |       |     4 |    11 |    17 |     7 |     4 ||    43
   Stab: Sleeping          |     3 |       |       |       |       |       ||     3
         Distracted        |       |       |     2 |     4 |     7 |     5 ||    18
         Invisible         |       |       |       |     3 |     5 |       ||     8
         Confused          |       |       |       |     2 |       |       ||     2
         Petrified         |       |       |       |       |     1 |       ||     1
 Armour: Robe              |     1 |       |       |       |       |       ||     1
         Leather armour    |    12 |       |       |       |       |       ||    12
         Scale mail        |    29 |    67 |       |       |       |       ||    96
         Chain mail        |       |    18 |   241 |   112 |       |       ||   371
         Plate armour      |       |       |       |   251 |   514 |   154 ||   919
  Dodge: Dodged            |    63 |    82 |   158 |   258 |   314 |    60 ||   935
  Block: Other             |       |       |       |       |    54 |       ||    54
         Kite shield       |       |       |       |       |    19 |     9 ||    28
         Reflection        |       |       |       |       |     6 |    52 ||    58
         Tower shield      |       |       |       |       |       |   224 ||   224

Table legend: (Time is in decaauts)
 A = Elapsed time spent in this place.
 B = Non-inter-level travel time spent in this place.
 C = Inter-level travel time spent in this place.
 D = Time resting spent in this place.
 E = Time spent auto-exploring this place.
 F = Levels seen in this place.
 G = Mean time per level.
                   A        B        C        D        E       F      G
               +--------+--------+--------+--------+--------+-----+--------+
         Total |  40314 |  37444 |   2870 |   9924 |  22795 |  30 | 1343.8 |
       Dungeon |  19834 |  18263 |   1571 |   3867 |  11834 |  15 | 1322.3 |
        Temple |    117 |    112 |      5 |      0 |    104 |   1 |  117.0 |
          Lair |   8311 |   7408 |    903 |   1345 |   5293 |   5 | 1662.2 |
     Snake Pit |   6759 |   6415 |    344 |   2722 |   2962 |   4 | 1689.8 |
  Orcish Mines |   2987 |   2942 |     45 |   1366 |   1371 |   2 | 1493.5 |
       Ossuary |    659 |    659 |      0 |      0 |    465 |   1 |  659.0 |
      Ice Cave |   1425 |   1425 |      0 |    623 |    570 |   1 | 1425.0 |
      Gauntlet |    219 |    219 |      0 |      0 |    195 |   1 |  219.0 |
               +--------+--------+--------+--------+--------+-----+--------+

Top non-repeatable levels by time:
     D:9: 2468 daAuts
 Snake:3: 2425 daAuts
  Lair:2: 2379 daAuts
  Lair:4: 1777 daAuts
    D:10: 1716 daAuts
 Snake:4: 1655 daAuts
    D:13: 1627 daAuts
   Orc:2: 1621 daAuts
    D:11: 1581 daAuts
    D:12: 1537 daAuts
  Lair:1: 1531 daAuts
     D:7: 1520 daAuts
  Lair:5: 1481 daAuts
   IceCv: 1425 daAuts
 Snake:2: 1424 daAuts
